 Dungeon Crawl Stone Soup version 0.30.0-29-ga12c61a403 (webtiles) character file.

Game seed: 13741824420513448597

277748 Bnni the Earth Mage (level 21, -5/166 HPs)
             Began as a Formicid Earth Elementalist on June 5, 2023.
             Was the Champion of Cheibriados.
             Hit by a large rock thrown by a stone giant (39 damage)
             ... on level 1 of the Depths on June 6, 2023.
             The game lasted 02:42:42 (47209 turns).

Bnni the Earth Mage (Formicid Earth Elementalist)  Turns: 47209, Time: 02:42:43

Health: -5/166     AC: 22    Str: 31    XL:     21   Next: 26%
Magic:  6/41       EV: 12    Int: 38    God:    Cheibriados [******]
Gold:   2625       SH: 19    Dex: 32    Spells: 26/53 levels left

rFire   + + .        L - staff of earth
rCold   + + +        T - +2 kite shield
rNeg    + + .        s - +1 chain mail {rN+}
rPois   +            (helmet unavailable)
rElec   .            b - +0 cloak {rCorr}
rCorr   +            K - +1 pair of gloves {Dex+3}
SInv    +            c - +2 pair of boots {Stlth+}
Will    +....        f - amulet "Loumn" {Faith rF++ rC++ Will-}
Stlth   ++           O - ring of Traps {rC+ rN+}
HPRegen 0.47/turn    y - ring of poison resistance
MPRegen 0.27/turn

%: faith
@: studying Invocations, very slow
A: permanent stasis, dig shafts and tunnels, antennae 3, four strong arms
}: 2/15 runes: decaying, serpentine
a: Dig, Shaft Self, Renounce Religion, Bend Time, Temporal Distortion, Slouch,
Step From Time


You were on level 1 of the Depths.
You worshipped Cheibriados.
Cheibriados was exalted by your worship.
You visited 9 branches of the dungeon, and saw 35 of its levels.
You also visited: Sewer.

You collected 4100 gold pieces.
You spent 1475 gold pieces at shops.

Inventory:

Hand Weapons
 p - the +8 sling "Qustutui" {flame, rC+ Str+3 Int+3}
   (You found it on level 2 of the Dungeon)

   Str:       It affects your strength (+3).
   Int:       It affects your intelligence (+3).
   rC:        It protects you from cold.
Missiles
 t - a throwing net
 S - 8 curare-tipped darts
Armour
 b - a +0 cloak of preservation (worn)
 c - a +2 pair of boots of stealth (worn)
 s - a +1 chain mail of positive energy (worn)
 K - a +1 pair of gloves of dexterity (worn)
 T - a +2 kite shield (worn)
Magical Staves
 A - the staff of death "Motec" {rElec rF+ rN+ MP+9}
   (You found it on level 15 of the Dungeon)

   [staff of death]

   Base accuracy: +5 Base damage: 5 Base attack delay: 1.2 This weapon's minimum
   attack delay (0.6) is reached at skill level 12.
   rF:        It protects you from fire.
   rElec:     It insulates you from electricity.
   rN:        It protects you from negative energy.
   MP:        It affects your magic capacity (+9).
   It falls into the 'Staves' category.
   It is a weapon for one hand-pair.
 L - a staff of earth (weapon)
 R - a staff of conjuration
Jewellery
 e - a ring of protection from fire
 f - the amulet "Loumn" (around neck) {Faith rF++ rC++ Will-}
   (You found it on level 8 of the Dungeon)

   [amulet of faith]

   It allows you to gain divine favour quickly.
   rF:        It greatly protects you from fire.
   rC:        It greatly protects you from cold.
   Will:      It decreases your willpower.
 m - a ring of protection from fire
 v - the ring of Oenomania {rC+ Int+2 Slay+3}
   (You found it on level 4 of the Swamp)

   [ring of protection from cold]

   Int:       It affects your intelligence (+2).
   Slay:      It affects your accuracy & damage with ranged weapons and melee
   (+3).
   rC:        It protects you from cold.
 x - a ring of positive energy
 y - a ring of poison resistance (right hand)
 C - an amulet of regeneration
 F - a ring of wizardry
 J - the ring of Omagulunac {Fly rC+ rCorr}
   (You bought it in a shop on level 3 of the Snake Pit)

   [ring of flight]

   rC:        It protects you from cold.
   Fly:       It grants you flight.
   rCorr:     It protects you from acid and corrosion.
 N - the ring "Piubbuis" {Int+4 Dex+6}
   (You took it off Nikola on level 2 of the Elven Halls)

   [ring of dexterity]

   Int:       It affects your intelligence (+4).
   Dex:       It affects your dexterity (+6).
 O - the ring of Traps (left hand) {rC+ rN+}
   (You found it on level 3 of the Snake Pit)

   [ring of protection from cold]

   rC:        It protects you from cold.
   rN:        It protects you from negative energy.
 Y - the amulet "Rann" {RegenMP rN+ rCorr}
   (You took it off a spriggan druid on level 1 of the Swamp)

   [amulet of magic regeneration]

   It increases your rate of magic regeneration.
   rN:        It protects you from negative energy.
   rCorr:     It protects you from acid and corrosion.
Wands
 w - a wand of charming (13)
 D - a wand of quicksilver (34)
 P - a wand of iceblast (23)
 Q - a wand of digging (6)
 Z - a wand of mindburst (8)
Scrolls
 d - 2 scrolls of brand weapon
 i - 7 scrolls of enchant weapon
 k - 10 scrolls of poison
 l - 7 scrolls of enchant armour
 n - 2 scrolls of fear
 r - a scroll of summoning
 B - 3 scrolls of vulnerability
 G - 6 scrolls of immolation
 H - 7 scrolls of amnesia
 I - 9 scrolls of magic mapping
 U - 3 scrolls of fog
 W - 10 scrolls of identify
Potions
 a - 3 potions of resistance
 g - 4 potions of flight
 h - 6 potions of lignification
 j - 4 potions of invisibility
 o - 4 potions of mutation
 q - 7 potions of attraction
 u - 6 potions of brilliance
 z - 4 potions of cancellation
 E - a potion of curing
 M - 3 potions of might
 V - a potion of magic
 X - 2 potions of ambrosia


   Skills:
 + Level 14.7 Fighting
 + Level 15.8 Armour
 - Level 2.7 Dodging
 - Level 2.4 Stealth
 - Level 15.7 Shields
 + Level 16.7 Spellcasting
 * Level 10.2 Conjurations
 - Level 3.0 Hexes
 + Level 3.8 Summonings
 - Level 12.0 Transmutations
 + Level 19.2 Earth Magic
 - Level 14.0 Invocations


You had 26 spell levels left.
You knew the following spells:

 Your Spells              Type           Power      Damage    Failure   Level
a - Sandblast             Erth           100%       2d20      0%          1
b - Passwall              Tmut/Erth      100%       N/A       0%          2
c - Stone Arrow           Conj/Erth      100%       3d13      1%          3
d - Petrify               Tmut/Erth      100%       N/A       1%          4
e - Iron Shot             Conj/Erth      60%        9d11      1%          6
f - Iskenderun's Battles  Conj           83%        2d13      1%          5
j - Yara's Violent Unrav  Hex/Tmut       36%        3d15      4%          5
z - Apportation           Tloc           62%        N/A       3%          1

Your spell library contained the following spells:

 Spells                   Type           Power      Damage    Failure   Level
 Beastly Appendage        Tmut           100%       N/A       1%          1
 Foxfire                  Conj/Fire      100%       2x1d9     1%          1
 Kiss of Death            Conj/Necr      100%       2d13      1%          1
 Magic Dart               Conj           100%       1d8       1%          1
 Slow                     Hex            100%       N/A       1%          1
 Sting                    Tmut/Pois      100%       1d8       1%          1
 Summon Small Mammal      Summ           100%       N/A       1%          1
 Call Imp                 Summ           100%       N/A       1%          2
 Hailstorm                Conj/Ice       63%        3d13      1%          3
 Blade Hands              Tmut           44%        N/A       1%          5
 Statue Form              Tmut/Erth      82%        N/A       1%          6
 Mephitic Cloud           Conj/Pois/Air  55%        N/A       2%          3
 Freeze                   Ice            100%       1d10      3%          1
 Necrotise                Necr           100%       1d9       3%          1
 Confusing Touch          Hex            53%        N/A       3%          3
 Tukima's Dance           Hex            53%        N/A       3%          3
 Flame Wave               Conj/Fire      63%        2d15      4%          4
 Lesser Beckoning         Tloc           62%        N/A       5%          2
 Poisonous Vapours        Pois/Air       62%        N/A       5%          2
 Scorch                   Fire           62%        2d8       5%          2
 Inner Flame              Hex/Fire       43%        N/A       6%          3
 Frozen Ramparts          Ice            62%        1d10      11%         3
 Gell's Gravitas          Tloc           31%        N/A       11%         3
 Teleport Other           Tloc           31%        N/A       11%         3
 Vampiric Draining        Necr           31%        2d8       11%         3
 Fireball                 Conj/Fire      31%        3d13      12%         5
 Dispel Undead            Necr           31%        3d14      34%         4
 Olgreb's Toxic Radiance  Pois           31%        N/A       34%         4
 Passage of Golubria      Tloc           31%        N/A       34%         4
 Starburst                Conj/Fire      31%        6d10      56%         6
 Summon Cactus Giant      Summ           28%        N/A       75%         6
 Spellforged Servitor     Conj/Summ      35%        N/A       86%         7
 Dispersal                Tloc           15%        N/A       99%         6
 Plasma Beam              Fire/Air       15%        2x1d29    99%         6
 Enfeeble                 Hex            26%        N/A       100%        7


Dungeon Overview and Level Annotations

Branches:
Dungeon (15/15)            Temple (1/1) D:4            Lair (5/5) D:11
  Swamp (4/4) Lair:3        Snake (4/4) Lair:3        Slime (0/5) Lair:5
    Orc (2/2) D:9             Elf (2/3) Orc:2        Vaults (1/5) D:13
 Depths (1/4) D:15          Sewer (visited)

Altars:
Ashenzari
Cheibriados
Elyvilon
Fedhas
Hepliaklqana
Kikubaaqudgha
Nemelex Xobeh
Ru
Trog
Uskayaw
Wu Jian
Yredelemnul

Shops:
D:7 (   Orc:2 !([*!=   Elf:1 =   Elf:2 (?   Swamp:3 *   Snake:2 [?(
Snake:3 !*=!

Portals:
Trove: D:14 (give +4 ice dragon scales)

Annotations:
D:14 2 transporters, McKennaii's ghost, journeyman DgCj
Elf:2 3 runed translucent doors


Innate Abilities, Weirdness & Mutations

You cannot be hasted, slowed, berserked, paralysed or teleported.
You can dig through walls and to a lower floor.
You have a pair of large antennae on your head. (SInv)
Your four strong arms can wield two-handed weapons with a shield.


Message History

Unknown command.
Casting: Sandblast (safe; 0% risk of failure)
Confirm with . or Enter, or press ? or * to list all spells.
You conjure a globe of magical energy.
The jiangshi claws you but does no damage.
The jiangshi claws you!
* * * LOW HITPOINT WARNING * * *
The jiangshi draws strength from your injuries!
Aiming: Sandblast (safe; 0% risk of failure)
Press: ? - help, Q - select action, (/) - cycle Shift-Dir - straight line, f/p - jiangshi
Aim: a jiangshi (severely damaged, 85% to hit)
You feel a surge of power!
The blast of sand hits the jiangshi!
The jiangshi is almost destroyed.
Your battlesphere fires!
The barrage of energy hits the jiangshi.
The jiangshi is almost destroyed.
You block the jiangshi's attack. x2; The jiangshi misses you.
The jiangshi closely misses you. The jiangshi claws you!
* * * LOW HITPOINT WARNING * * *
The jiangshi claws you but does no damage.
Aiming: Sandblast (safe; 0% risk of failure)
Press: ? - help, Q - select action, (/) - cycle Shift-Dir - straight line, f/p - jiangshi
Aim: a jiangshi (almost destroyed, ally target, 85% to hit)
You feel a surge of power!
The blast of sand hits the jiangshi but does no damage.
The jiangshi is almost destroyed.
Your battlesphere fires!
The barrage of energy hits the stone giant.
The stone giant is lightly wounded.
You block the jiangshi's attack. The jiangshi closely misses you.
You block the jiangshi's attack. The jiangshi barely misses you.
Unknown command.
Aiming: Sandblast (safe; 0% risk of failure)
Press: ? - help, Q - select action, (/) - cycle Shift-Dir - straight line, f/p - jiangshi
Aim: a jiangshi (almost destroyed, 85% to hit)
You feel a surge of power!
The blast of sand hits the jiangshi!!
You destroy the jiangshi!
Cheibriados thoroughly appreciates the change of pace.
The stone giant throws a large rock.
The large rock hits you!!!
You die...

#~ ..# #~. #.# {#~. #.#
{ #~.##.# {{ #~....# {
#~..*.# #.##########
#####≈.C..#
#.#.........
~~~~~~..†.#
#.#.#######.
......)@).# #.#.#####
#. .####..##.#
#.#.....# #.
#........###.#####.# #.
#.....~~..##.# #.# #.
#.....~~..##.#####.###.
#......~............##.
#.........##.#########.
#####.........<....# #.
#######...#..####.# #.


You could see a stone giant and a friendly battlesphere.

Vanquished Creatures
  Mara (Swamp:4)
  Nikola (Elf:2)
  Jorgrun (Swamp:3)
  Rupert (Lair:2)
  Mlioglotl (Swamp:2)
  The ghost of Bnni the Earth Mage, an adept FoEE of Cheibriados (Snake:4)
  Agnes (Elf:1)
  2 thorn hunters (Swamp:4)
  Kirke (D:15)
  6 nagarajas (Snake:4)
  Roxanne (Elf:1)
  A fire giant (Depths:1)
  The ghost of Mortifus the Imperceptible, an adept SpHu of Gozag (Swamp:4)
  A deep elf sorcerer (Elf:2)
  Aizul (Snake:1)
  The ghost of Ysuot the Spear-Bearer, a journeyman OpWn of Okawaru (Swamp:4)
  A ghoul (Swamp:2)
  3 ironbound preservers (Vaults:1)
  2 stone giants
  A vampire knight (Depths:1)
  3 bunyips
  2 eleionomae
  2 deep elf death magi (Elf:1)
  2 fire dragons
  2 jiangshi (Depths:1)
  An entropy weaver (Vaults:1)
  3 salamander tyrants (Snake:4)
  17 hydras
  4 vault guards (D:13)
  9 ghost crabs
  4 ogre magi (Orc:2)
  9 centaur warriors
  12 two-headed ogres
  4 boulder beetles
  9 anacondas
  11 dancing weapons
  14 alligators
  14 naga warriors
  An orc high priest (Elf:2)
  12 death yaks
  2 tengu warriors (D:15)
  20 naga sharpshooters
  2 shock serpents (Snake:4)
  A spriggan berserker (Swamp:4)
  Sonja (D:13)
  Nergalle (Lair:2)
  A fire crab (shapeshifter) (D:13)
  6 deep elf knights
  A salamander mystic (Snake:4)
  5 deep trolls (Vaults:1)
  13 swamp dragons
  3 goliath frogs (Swamp:2)
  3 skeletal warriors (D:14)
  6 spriggan druids
  A flayed ghost (D:13)
  6 naga ritualists
  An obsidian statue (D:14)
  10 bog bodies
  2 lindwurms
  6 deep elf archers
  4 orc knights
  An orange crystal statue (D:14)
  19 deep elf pyromancers
  9 mana vipers
  14 deep elf zephyrmancers
  2 manticores
  An oklob plant (Lair:1)
  A wolf spider (Lair:2)
  3 orc sorcerers
  10 ugly things
  4 cyclopes
  A will-o-the-wisp (Swamp:4)
  7 salamanders
  A faun (shapeshifter) (D:13)
  9 naga magi
  7 elephants
  4 apocalypse crabs (Swamp:1)
  A guardian serpent (Snake:1)
  Joseph (Lair:1)
  34 black mambas
  Maggie (Lair:1)
  2 gargoyles (D:13)
  A vault sentinel (Vaults:1)
  3 molten gargoyles (Lair:5)
  A torpor snail (Lair:4)
  2 unseen horrors (shapeshifter)
  A rime drake (shapeshifter) (D:14)
  5 rime drakes
  10 cane toads
  2 unseen horrors
  3 yaktaurs (D:15)
  10 komodo dragons
  4 tengu conjurers
  9 trolls
  2 bloated husks
  3 polar bears
  A meliai (shapeshifter) (Elf:1)
  Prince Ribbit (D:7)
  9 hornets
  2 trolls (shapeshifter) (D:14)
  14 blink frogs
  7 tyrant leeches
  12 dream sheep
  8 slime creatures
  A jumping spider (shapeshifter) (D:15)
  13 spriggans
  2 shadows
  A culicivora (shapeshifter) (D:15)
  7 wyverns
  A wraith (D:13)
  24 yaks
  3 hogs (D:15)
  Eustachio (D:5)
  A fire elemental (Elf:2)
  2 humans
  A vampire (D:10)
  Grum (Lair:1)
  9 basilisks
  3 steam dragons
  2 vampire mosquitoes (Swamp:4)
  4 redbacks
  50 nagas
  Menkaure (D:4)
  An acid dragon (D:11)
  A warg (Orc:1)
  9 swamp worms
  4 hell hounds (Lair:5)
  11 swamp drakes
  19 orc warriors
  2 ice beasts (D:6)
  16 water moccasins
  Pargi (Sewer)
  A black bear (D:5)
  27 ogres
  12 wolves
  15 centaurs
  A phantom (D:4)
  3 gnoll sergeants
  8 bullfrogs
  2 scorpions
  10 wights (D:7)
  Dowan (D:5)
  8 killer bees
  2 electric eels (Lair:4)
  A howler monkey (D:9)
  7 lava snakes
  2 hounds
  4 jellies
  22 orc priests
  3 gnoll boudas
  7 iguanas
  Terence (D:2)
  15 orc wizards
  A sleepcap (D:5)
  Natasha (twice) (D:2)
  5 hell rats (Lair:5)
  Robin (D:4)
  34 gnolls
  18 adders
  3 white imps
  2 ufetubi
  2 worms
  A dart slug (D:5)
  73 orcs
  10 ball pythons
  13 endoplasms
  8 giant cockroaches
  21 goblins
  8 hobgoblins
  3 quokkas
  11 bats
  7 frilled lizards
  6 kobolds
  18 rats
  A spectral weapon (Elf:1)
1092 creatures vanquished.

Vanquished Creatures (collateral kills)
  A sphinx (Vaults:1)
  A ghoul (Swamp:2)
  A ghost crab (Swamp:2)
  A two-headed ogre (Orc:2)
  8 deep trolls (Vaults:1)
  A bog body (Swamp:2)
  2 ogres (Orc:2)
15 creatures vanquished.

Vanquished Creatures (others)
  A hydra (Swamp:1)
  2 deep elf zephyrmancers
  A bloated husk (Swamp:1)
  Duvessa (D:5)
  6 foxfires (Swamp:4)
11 creatures vanquished.

Grand Total: 1118 creatures vanquished

Notes
Turn   | Place    | Note
-------+----------+-------------------------------------------
     0 | D:1      | Bnni the Formicid Earth Elementalist began the quest for
                  | the Orb.
     0 | D:1      | Reached XP level 1. HP: 13/13 MP: 3/3
   103 | D:1      | Reached XP level 2. HP: 19/19 MP: 5/5
   399 | D:1      | Reached skill level 4 in Earth Magic
   470 | D:1      | Reached XP level 3. HP: 24/25 MP: 3/6
   977 | D:1      | Reached skill level 1 in Fighting
  1156 | D:2      | Learned a level 2 spell: Passwall
  1160 | D:2      | Learned a level 3 spell: Stone Arrow
  1335 | D:2      | Reached XP level 4. HP: 32/32 MP: 5/7
  1488 | D:2      | Identified the +8 sling "Qustutui" {flame, rC+ Str+3 Int+3}
  1503 | D:2      | Noticed Terence
  1506 | D:2      | Killed Terence
  1507 | D:2      | Reached XP level 5. HP: 37/37 MP: 9/9
  1657 | D:2      | Noticed Natasha
  1660 | D:2      | Killed Natasha
  1902 | D:2      | Noticed Natasha
  1904 | D:2      | Killed Natasha
  1905 | D:2      | Reached skill level 1 in Conjurations
  1905 | D:2      | Reached skill level 5 in Earth Magic
  2314 | D:3      | Reached XP level 6. HP: 44/44 MP: 10/10
  2320 | D:3      | Reached skill level 1 in Armour
  2458 | D:3      | Found a faded altar of an unknown god.
  2496 | D:3      | Found a white marble altar of Elyvilon.
  2520 | D:3      | Learned a level 4 spell: Petrify
  2596 | D:3      | Found a glowing drain.
  2625 | Sewer    | Entered a sewer
  2668 | Sewer    | Noticed Pargi
  2679 | Sewer    | Killed Pargi
  2680 | Sewer    | Reached XP level 7. HP: 21/51 MP: 9/12
  3123 | D:4      | Noticed Robin
  3188 | D:4      | Found a staircase to the Ecumenical Temple.
  3194 | D:4      | Noticed Menkaure
  3201 | D:4      | Killed Menkaure
  3202 | D:4      | Reached skill level 6 in Earth Magic
  3209 | Temple   | Entered the Ecumenical Temple
  3335 | Temple   | Became a worshipper of Cheibriados the Contemplative
  3429 | D:4      | Killed Robin
  3488 | D:4      | Reached skill level 1 in Invocations
  3565 | D:4      | Reached XP level 8. HP: 51/58 MP: 13/13
  3579 | D:4      | Reached * piety under Cheibriados
  4140 | D:5      | Entered Level 5 of the Dungeon
  4229 | D:5      | Noticed Eustachio
  4241 | D:5      | Killed Eustachio
  4242 | D:5      | Reached skill level 7 in Earth Magic
  4469 | D:5      | Noticed Dowan
  4469 | D:5      | Noticed Duvessa
  4485 | D:5      | Killed Duvessa
  4486 | D:5      | Reached XP level 9. HP: 48/65 MP: 13/15
  4487 | D:5      | Killed Dowan
  4512 | D:5      | Reached ** piety under Cheibriados
  4576 | D:5      | Identified the +5 hand axe "Ugrank" {freeze, Fragile Str+4}
  4938 | D:6      | Reached skill level 8 in Earth Magic
  4964 | D:6      | Reached skill level 5 in Spellcasting
  4993 | D:6      | Reached skill level 5 in Invocations
  5511 | D:7      | Reached skill level 5 in Fighting
  5535 | D:7      | You fall into a shaft and drop 2 floors!
  5571 | D:8      | Reached *** piety under Cheibriados
  5657 | D:7      | Found Vimaec's Antique Weapon Shop.
  5671 | D:7      | Reached skill level 9 in Earth Magic
  5687 | D:7      | Reached XP level 10. HP: 38/73 MP: 15/19
  5754 | D:7      | Reached skill level 5 in Armour
  5842 | D:7      | Noticed Prince Ribbit
  5853 | D:7      | Killed Prince Ribbit
  5948 | D:7      | Found a hide-covered altar of Uskayaw.
  6742 | D:8      | Reached **** piety under Cheibriados
  7099 | D:8      | Reached skill level 10 in Earth Magic
  7262 | D:8      | Found a runed translucent door.
  7403 | D:8      | Found a runed translucent gate.
  7405 | D:8      | Found a runed translucent gate.
  7415 | D:8      | Found a runed translucent gate.
  7415 | D:8      | Found a runed translucent gate.
  7415 | D:8      | Found a runed translucent gate.
  7415 | D:8      | Noticed a lindwurm
  7415 | D:8      | Noticed a boulder beetle
  7416 | D:8      | Found a runed translucent gate.
  7452 | D:8      | Killed a boulder beetle
  7593 | D:8      | Killed a lindwurm
  7594 | D:8      | Reached skill level 10 in Invocations
  7619 | D:8      | Identified the amulet "Loumn" {Faith rF++ rC++ Will-}
  7670 | D:9      | Reached XP level 11. HP: 82/82 MP: 22/22
  7687 | D:9      | Found a staircase to the Orcish Mines.
  7782 | D:9      | Reached ***** piety under Cheibriados
  7796 | D:9      | Identified the +0 spear "Guykab" {speed, rF+ MP+9 SInv}
  7956 | D:9      | Noticed a cyclops
  7963 | D:9      | Killed a cyclops
  7964 | D:9      | Reached skill level 11 in Earth Magic
  8525 | D:10     | Entered Level 10 of the Dungeon
  9308 | D:11     | Noticed a boulder beetle
  9318 | D:11     | Killed a boulder beetle
  9453 | D:11     | Found a staircase to the Lair.
  9674 | D:11     | Reached skill level 1 in Shields
  9800 | D:11     | Noticed a boulder beetle
  9818 | D:11     | Killed a boulder beetle
  9819 | D:11     | Reached skill level 12 in Earth Magic
 10195 | D:11     | Noticed a cyclops
 10201 | D:11     | Killed a cyclops
 10202 | D:11     | Reached XP level 12. HP: 59/91 MP: 21/25
 10276 | D:12     | Noticed a two-headed ogre
 10283 | D:12     | Killed a two-headed ogre
 11217 | D:13     | Noticed Sonja
 11220 | D:13     | Killed Sonja
 11221 | D:13     | Reached skill level 5 in Shields
 11330 | D:13     | Noticed a vault guard
 11352 | D:13     | Noticed a vault guard
 11363 | D:13     | Reached skill level 10 in Spellcasting
 11453 | D:13     | Reached skill level 13 in Earth Magic
 11515 | D:13     | Killed a vault guard
 12033 | D:13     | Killed a vault guard
 12163 | D:13     | Found a gate to the Vaults.
 12163 | D:13     | Noticed a vault guard
 12163 | D:13     | Noticed a vault guard
 12169 | D:13     | Killed a vault guard
 12184 | D:13     | Killed a vault guard
 12185 | D:13     | Reached XP level 13. HP: 68/99 MP: 2/27
 12645 | D:13     | Noticed a centaur warrior
 12647 | D:13     | Killed a centaur warrior
 12880 | D:13     | Noticed a centaur warrior
 12882 | D:13     | Killed a centaur warrior
 12883 | D:13     | Reached skill level 14 in Earth Magic
 12979 | D:13     | Noticed a centaur warrior
 13039 | D:13     | Killed a centaur warrior
 13299 | Lair:1   | Entered Level 1 of the Lair of Beasts
 13371 | Lair:1   | Found a blossoming altar of Fedhas.
 13562 | Lair:1   | Noticed Grum
 13565 | Lair:1   | Killed Grum
 13617 | Lair:1   | Noticed Maggie
 13624 | Lair:1   | Killed Maggie
 13779 | Lair:1   | Noticed Joseph
 13793 | Lair:1   | Killed Joseph
 14949 | Lair:2   | Reached skill level 10 in Shields
 15053 | Lair:2   | Identified the +5 great sword of the Endless Expanse
                  | {protect, Fragile rElec rF+++ Int+6}
 15096 | Lair:2   | Noticed Nergalle
 15100 | Lair:2   | Killed Nergalle
 15131 | Lair:2   | Reached XP level 14. HP: 108/108 MP: 19/29
 15395 | Lair:2   | Found a runed translucent door.
 15402 | Lair:2   | Noticed Rupert
 15412 | Lair:2   | Killed Rupert
 15413 | Lair:2   | Reached skill level 15 in Earth Magic
 16123 | Lair:3   | Found a staircase to the Swamp.
 16474 | Lair:3   | Found a staircase to the Snake Pit.
 17092 | Lair:4   | Reached skill level 10 in Fighting
 17092 | Lair:4   | Reached skill level 10 in Armour
 18319 | Lair:5   | Entered Level 5 of the Lair of Beasts
 18574 | Lair:4   | Reached XP level 15. HP: 88/112 MP: 14/32
 19171 | Lair:5   | Reached skill level 16 in Earth Magic
 19319 | Lair:5   | Found a large runed translucent door.
 19320 | Lair:5   | Found a large runed translucent door.
 19838 | Lair:5   | Reached skill level 1 in Hexes
 19866 | Lair:5   | Learned a level 5 spell: Yara's Violent Unravelling
 19914 | Lair:5   | Found a staircase to the Slime Pits.
 20431 | Orc:1    | Entered Level 1 of the Orcish Mines
 20581 | Orc:2    | Entered Level 2 of the Orcish Mines
 20878 | Orc:2    | Reached ****** piety under Cheibriados
 21053 | Orc:2    | Reached XP level 16. HP: 124/125 MP: 28/34
 21116 | Orc:2    | Reached skill level 5 in Transmutations
 21193 | Orc:2    | Found Beple's Antique Armour Shoppe.
 21193 | Orc:2    | Found Adixaleh's Distillery.
 21193 | Orc:2    | Found Lagunk's Antique Weapon Shop.
 21193 | Orc:2    | Found Ofyahiur's General Store.
 21203 | Orc:2    | Bought 2 potions of heal wounds for 150 gold pieces
 21215 | Orc:2    | Found a staircase to the Elven Halls.
 21437 | Orc:2    | Found Eruepter's Jewellery Shop.
 21634 | Orc:2    | Found Egrufos's Distillery.
 21652 | Orc:2    | Bought a potion of heal wounds for 70 gold pieces
 22461 | Snake:1  | Entered Level 1 of the Snake Pit
 22774 | Snake:1  | You fall into a shaft and drop 1 floor!
 22893 | Snake:2  | Found Wusm's Weapon Shop.
 22906 | Snake:2  | Found Zilesaq's Magic Scroll Emporium.
 22906 | Snake:2  | Found Useo's Armour Boutique.
 22935 | Snake:1  | Noticed Aizul
 23006 | Snake:1  | Killed Aizul
 23263 | Snake:1  | Found a sparkling altar of Nemelex Xobeh.
 26364 | Snake:2  | Reached XP level 17. HP: 133/133 MP: 35/35
 26561 | Snake:3  | Learned a level 1 spell: Apportation
 26566 | Snake:3  | Found Vaemumil's Distillery.
 26570 | Snake:3  | Found Fonodugas's Jewellery Emporium.
 26570 | Snake:3  | Found Efusad's General Store.
 26574 | Snake:3  | Found Vemposchi's Distillery.
 26706 | Snake:3  | Bought the ring of Omagulunac {Fly rC+ rCorr} for 742 gold
                  | pieces
 26710 | Snake:3  | Bought a potion of heal wounds for 90 gold pieces
 26713 | Snake:3  | Bought a potion of curing for 45 gold pieces
 26718 | Snake:3  | Bought a potion of curing for 57 gold pieces
 26718 | Snake:3  | Bought a potion of curing for 57 gold pieces
 27787 | Snake:3  | Identified the ring of Traps {rC+ rN+}
 27911 | Snake:3  | Reached skill level 10 in Transmutations
 28496 | Snake:4  | Entered Level 4 of the Snake Pit
 28498 | Snake:4  | Reached XP level 18. HP: 140/140 MP: 30/36
 28500 | Snake:4  | Reached skill level 17 in Earth Magic
 28829 | Snake:4  | Reached skill level 15 in Spellcasting
 28981 | Snake:4  | Found a runed translucent door.
 28981 | Snake:4  | Noticed Bnni's ghost (adept FoEE)
 29042 | Snake:4  | Killed Bnni's ghost
 29716 | Snake:4  | Reached skill level 15 in Shields
 30691 | Snake:4  | Learned a level 6 spell: Iron Shot
 31988 | Snake:4  | Got a serpentine rune of Zot
 32476 | Snake:3  | Bought a potion of magic for 152 gold pieces
 32628 | Swamp:1  | Entered Level 1 of the Swamp
 33159 | Swamp:1  | You are sucked into a shaft and drop 1 floor!
 33255 | Swamp:2  | Reached XP level 19. HP: 29/148 MP: 0/38
 34329 | Swamp:1  | Learned a level 5 spell: Iskenderun's Battlesphere
 34455 | Swamp:1  | Reached skill level 5 in Conjurations
 34784 | Swamp:1  | Found a runed translucent door.
 35399 | Swamp:1  | Identified the amulet "Rann" {RegenMP rN+ rCorr}
 35712 | Swamp:2  | Reached skill level 18 in Earth Magic
 35761 | Swamp:2  | Noticed Mlioglotl
 35765 | Swamp:2  | Killed Mlioglotl
 36130 | Swamp:3  | Noticed Jorgrun
 36166 | Swamp:3  | Killed Jorgrun
 36828 | Swamp:3  | Identified the +0 robe of Gatury {+Inv Will++ Str-4 SInv}
 37086 | Swamp:3  | Found Jaowaocana's Island Escapes.
 37087 | Swamp:3  | Identified the +3 leather armour of Indemnity {Int+3}
 37096 | Swamp:3  | Bought a scroll of fog for 56 gold pieces
 37096 | Swamp:3  | Bought a scroll of fog for 56 gold pieces
 37287 | Swamp:4  | Entered Level 4 of the Swamp
 37287 | Swamp:4  | Noticed Mara
 37305 | Swamp:4  | Found a runed translucent gate.
 37305 | Swamp:4  | Found a runed translucent gate.
 37305 | Swamp:4  | Found a runed translucent gate.
 37334 | Swamp:4  | Noticed Ysuot's ghost (journeyman OpWn)
 37334 | Swamp:4  | Noticed Mortifus's ghost (adept SpHu)
 37344 | Swamp:4  | Killed Ysuot's ghost
 37367 | Swamp:4  | Killed Mortifus's ghost
 37375 | Swamp:4  | Identified the ring of Oenomania {rC+ Int+2 Slay+3}
 37566 | Swamp:4  | Killed Mara
 38677 | Swamp:4  | Reached XP level 20. HP: 152/158 MP: 22/40
 38732 | Swamp:4  | Reached skill level 15 in Armour
 39275 | Swamp:4  | Got a decaying rune of Zot
 39334 | Swamp:4  | Identified the +0 ring mail of Yesterday {Rampage rElec
                  | Dex-5}
 40089 | D:14     | Found a transporter.
 40092 | D:14     | Found a transporter.
 40098 | D:14     | Found a bloodstained altar of Trog.
 40107 | D:14     | Noticed McKennaii's ghost (journeyman DgCj)
 40525 | D:14     | Found a portal to a secret trove of treasure.
 41550 | D:15     | Entered Level 15 of the Dungeon
 41930 | D:15     | Identified a scroll of acquirement
 41937 | D:15     | Acquired 835 gold pieces
 41945 | D:15     | Noticed Kirke
 41955 | D:15     | Killed Kirke
 42249 | D:15     | Found a staircase to the Depths.
 42726 | D:15     | Identified the staff of death "Motec" {rElec rF+ rN+ MP+9}
 42972 | Elf:1    | Entered Level 1 of the Elven Halls
 43160 | Elf:1    | Reached skill level 1 in Summonings
 43280 | Elf:1    | Identified Roxanne's Spellbook of Permutations
 43280 | Elf:1    | Noticed Roxanne
 43286 | Elf:1    | Killed Roxanne
 43565 | Elf:1    | Found Ideoryss's Jewellery Shop.
 43724 | Elf:1    | Noticed Agnes
 43729 | Elf:1    | Killed Agnes
 44480 | Elf:2    | Found Wegiam's Magic Scroll Shoppe.
 45045 | Elf:2    | Identified the ring "Piubbuis" {Int+4 Dex+6}
 45045 | Elf:2    | Noticed Nikola
 45068 | Elf:2    | Killed Nikola
 45069 | Elf:2    | Reached skill level 19 in Earth Magic
 45590 | Elf:2    | Found a runed translucent gate.
 45590 | Elf:2    | Found a runed translucent gate.
 45601 | Elf:2    | Found a runed translucent gate.
 45946 | Elf:2    | Found an ancient bone altar of Kikubaaqudgha.
 46006 | Elf:2    | Found Weusao's Antique Weapon Shop.
 46384 | Vaults:1 | Entered Level 1 of the Vaults
 46392 | Vaults:1 | Reached XP level 21. HP: 138/166 MP: 41/41
 46541 | Vaults:1 | Reached skill level 10 in Conjurations
 46937 | Depths:1 | Entered Level 1 of the Depths
 47209 | Depths:1 | Hit by a large rock thrown by a stone giant

Illustrated notes

Levels and vault maps discovered:
D:1:      wheals_arrival_shading, layout_rooms, serial_bayou_pond_d,
          hangedman_feature_mirror, hex_intersection, nicolae_eternal_life,
          minivault_11, minmay_rat_gold_closets
D:2:      layout_loops_corners, roderic_lattice_a, hangedman_decor_push,
          uniq_terence, uniq_natasha
D:3:      layout_basic, amcnicky_altar_gilded,
          ebering_ecumenical_altar_abandoned, gup_sewer_entry_glass
D:4:      layout_loops_cross, minmay_temple_entry_drinking_statues,
          minmay_pentangle, uniq_robin, uniq_menkaure
D:5:      wad_crossroads, layout_basic, corexii_leaking_fountain,
          wad_woods_river_04, uniq_duvessa, uniq_eustachio
D:6:      layout_cave_pools, abandoned_shop, chequers_garden,
          minmay_misc_feat_roman
D:7:      layout_layer_cave, lemuel_doored_altar, nicolae_stop_n_shop_2,
          roderic_roman_lattice, kennysheep_generic_room_2, uniq_prince_ribbit1
D:8:      gammafunk_indiana_jones, layout_basic, corexii_hall_statues_x
D:9:      layout_long_grid, david_orc_2, item_on_display_b
D:10:     layout_roguey
D:11:     layout_small_grid, lair_entry_dummy, nicolae_elevator_lobby_plus
D:12:     layout_loops_ring
D:13:     layout_irregular_city, grunt_vaults_entry_fortified,
          kennysheep_doodads, minmay_fractal_squares_gapless_7, uniq_sonja
D:14:     layout_loops_ring, gammafunk_ghost_wrathful_warriors,
          nrook_mini_vaults, nicolae_trove_entry_diagonal,
          dreamdust_wishing_well, minmay_more_statues
D:15:     grunt_enter_depths_snipers, layout_loops_cross, uniq_kirke
Temple:   mainiacjoe_temple_cubbyholes
Lair:1:   layout_regular_city, tgw_fedhas, uniq_maggie, uniq_grum, uniq_joseph
Lair:2:   minmay_lair_venomous_thicket, layout_hall_layers,
          pdpol_lair_cabin_in_the_woods, infiniplex_staircase_pool_2,
          uniq_nergalle
Lair:3:   layout_small_grid, minmay_swamp_entry_reptiles,
          nicolae_snake_entry_squirm, grunt_megastairs_4
Lair:4:   layout_cellular_growth, disabler_island
Lair:5:   cheibrodos_lair_end_hotspot, layout_gridlike,
          nicolae_slime_entry_slimehenge
Swamp:1:  gammafunk_mikee_crab_dinner, layout_basic_swamp,
          evilmike_swamp_ruin_house_1, swamp_pool2
Swamp:2:  layout_basic_swamp, evilmike_swamp_ruin_wall, st_shrine_of_shade,
          uniq_mlioglotl
Swamp:3:  layout_basic_swamp, nicolae_swamp_triple_paths, swamp_pool3,
          nicolae_swamp_round_clearing, nicolae_island_escapes,
          infiniplex_staircase_pool, uniq_jorgrun
Swamp:4:  swamp_basic_johnstein, layout_basic_swamp, gammafunk_ghost_cemetery,
          uniq_mara
Snake:1:  layout_onion_interference, basic_altar, uniq_aizul
Snake:2:  layout_grid_maze, nicolae_snake_serpentine_bazaar
Snake:3:  layout_chambers, nicolae_integral_box, minmay_shoptagon
Snake:4:  minmay_snake_end_coiled, layout_rooms, gammafunk_ghost_grave
Orc:1:    layout_caves, serial_shops
Orc:2:    st_orc_ogre_mass, layout_caves, serial_shops,
          nicolae_shop_tiny_waterfront, nicolae_diamond_shop
Elf:1:    minmay_elf_arrival_plus, layout_loops_corners,
          minmay_elf_crystal_heptagon, minmay_shop_enchanted_jewellery,
          minivault_4, uniq_agnes, uniq_roxanne
Elf:2:    nicolae_elf_blades_splatter_lattice [nicolae_blade_lattice],
          layout_gridlike, basic_altar, serial_shops, shop,
          nicolae_stop_n_shop_2, uniq_nikola
Vaults:1: hangedman_vaults_unwind, nicolae_vaults_frosty_reception, v_misc_26,
          vaults_mumra_chevron_long, vaults_room_fours, vaults_room_corners,
          grunt_vaults_hallway_short, v_misc_17, nicolae_vaults_double_plus_3,
          layout_vaults_big_room
Depths:1: layout_basic, enter_ziggurat_f, serial_bayou_shore_a,
          grunt_mini_vestibule, rand_demon_pan_entry_3, nooodl_orcs_dogs

Skill      XL: |  1  2  3  4  5  6  7  8  9 10 11 12 13 14 15 16 17 18 19 20 21 |
---------------+----------------------------------------------------------------+-----
Earth Magic    | 4 5 6 7 9 10 12 13 14 15 16 17 18 19 | 19.2
Transmutations | 2 3 4 9 10 12 | 12.0
Fighting       | 1 2 3 4 5 6 7 8 9 10 11 12 13 14 | 14.7
Conjurations   | 1 2 3 4 7 9 10 | 10.2
Spellcasting   | 3 4 6 7 9 10 11 13 14 15 16 | 16.7
Armour         | 1 2 3 4 6 7 8 9 10 12 13 14 15 | 15.8
Invocations    | 1 4 6 10 13 14 | 14.0
Shields        | 2 6 10 12 14 15 | 15.7
Hexes          | 3 |  3.0
Dodging        | 2 |  2.7
Summonings     | 3 |  3.8
Stealth        | |  2.4

Action                     |  1- 3 |  4- 6 |  7- 9 | 10-12 | 13-15 | 16-18 | 19-21 || total
---------------------------+-------+-------+-------+-------+-------+-------+-------++-------
  Melee: Dagger            |    22 |     3 |       |       |       |       |       ||    25
         Whip              |       |       |       |    17 |    19 |       |       ||    36
         Great sword       |       |       |       |       |       |   114 |    59 ||   173
         Staff             |       |       |       |       |       |       |   293 ||   293
   Fire: Sling             |       |    95 |   269 |   333 |   506 |   242 |       ||  1445
  Throw: Dart              |       |       |     4 |     9 |    11 |     2 |     1 ||    27
         Throwing net      |       |       |       |     3 |     1 |     1 |     2 ||     7
   Cast: Sandblast         |    47 |     6 |     5 |   122 |   144 |   204 |   392 ||   920
         Passwall          |       |     2 |       |     2 |       |     6 |       ||    10
         Stone Arrow       |       |       |       |    73 |   223 |   358 |    77 ||   731
         Petrify           |       |       |       |     5 |       |       |       ||     5
         Yara's Violent Un |       |       |       |       |       |     6 |    35 ||    41
         Iron Shot         |       |       |       |       |       |    34 |    99 ||   133
         Apportation       |       |       |       |       |       |     2 |     1 ||     3
         Iskenderun's Batt |       |       |       |       |       |       |    53 ||    53
 Invoke: Slouch            |       |       |       |     1 |    15 |     4 |    13 ||    33
         Bend Time         |       |       |       |       |     2 |     6 |     1 ||     9
         Temporal Distorti |       |       |       |       |       |     3 |       ||     3
         Step From Time    |       |       |       |       |       |     1 |       ||     1
Ability: Dig               |       |       |       |     2 |    11 |     5 |     2 ||    20
  Evoke: Wand              |       |       |       |       |     2 |     1 |     1 ||     4
    Use: Scroll            |     1 |     7 |     3 |     3 |    13 |     7 |     5 ||    39
         Potion            |       |       |       |       |     4 |    20 |     9 ||    33
   Stab: Sleeping          |     2 |       |       |       |       |       |       ||     2
         Petrified         |       |       |       |    10 |       |       |       ||    10
         Invisible         |       |       |       |       |       |     5 |       ||     5
 Armour: Robe              |     7 |    17 |       |       |       |       |       ||    24
         Troll leather arm |       |       |    55 |    39 |       |       |       ||    94
         Chain mail        |       |       |       |    55 |   252 |   245 |   457 ||  1009
  Dodge: Dodged            |    31 |    52 |   108 |   136 |   224 |   253 |   407 ||  1211
  Block: Kite shield       |       |       |       |    72 |   576 |   732 |   961 ||  2341
